Map: Orbital Shipyard

Players

Soundwave - Winner!

  • Race: Zerg Zerg

A.I. 1 (Elite)

  • Race: Zerg Zerg

VOD

Have the link to the VOD?

Description

Time

  • Played on: Nov. 17, 2015, 4:03 a.m.
  • Length: 23:53
Show
View Real Time Build Order
Export as new Build Order

Soundwave Zerg - Winner!

Build Orders: Pool First, Lurkers 

Get SALT Encoding   

  12  0:01  Drone  
  13  0:11  Drone  
  14  0:17  Drone, Extractor  
  15  0:32  Spawning Pool  
  15  0:35  Drone, Extractor  
  15  0:58  Hatchery  
  14  1:06  Overlord  
  14  1:24  Queen  
  14  1:25  Drone x2  
  18  1:26  Drone  
  18  1:32  Extractor  
  18  1:37  Drone  
  19  1:47  Drone  
  20  2:04  Queen  
  22  2:08  Overlord  
  22  2:10  Overlord x2  
  22  2:20  Queen  
  24  2:33  Metabolic Boost  
  24  2:43  Extractor  
  23  2:49  Drone x3  
  23  2:51  Drone x2  
  28  2:53  Drone  
  28  2:55  Drone  
  30  3:02  Drone  
  30  3:03  Drone  
  32  3:07  Drone  
  33  3:17  Evolution Chamber  
  32  3:23  Drone  
  32  3:25  Drone x2  
  32  3:27  Drone  
  36  3:28  Drone  
  37  3:45  Zergling x2, Zerg Melee Weapons Level 1  
  37  3:46  Zergling x6  
  41  3:55  Drone x5  
  45  4:00  Drone  
  47  4:06  Lair  
  47  4:11  Drone x3  
  50  4:19  Extractor  
  50  4:20  Drone x2  
  50  4:21  Drone  
  50  4:32  Spine Crawler  
  50  4:33  Drone x2  
  50  4:35  Spine Crawler  
  50  4:40  Spine Crawler  
  49  4:48  Zergling x4  
  51  4:53  Overlord  
  51  4:54  Overlord x2  
  51  5:06  Evolution Chamber  
  50  5:33  Hydralisk Den  
  50  5:34  Zerg Ground Armor Level 1  
  49  5:37  Infestation Pit  
  49  5:38  Drone x2, Extractor  
  49  5:39  Drone  
  49  5:42  Drone x3  
  53  5:45  Zerg Melee Weapons Level 2  
  53  6:00  Roach Warren  
  53  6:02  Hatchery  
  51  6:06  Hydralisk  
  51  6:07  Hydralisk x7  
  51  6:08  Hydralisk  
  69  6:28  Muscular Augments  
  69  6:42  Hydralisk x2  
  69  6:43  Hydralisk  
  69  6:46  Overlord x5  
  69  6:47  Overlord x2  
  75  6:52  Overseer  
  75  7:20  Drone x7  
  75  7:21  Drone x2  
  84  7:26  Overseer  
  84  7:36  Drone x6  
  91  7:37  Drone x2  
  91  7:43  Extractor  
  91  7:45  Hive, Extractor  
  90  7:52  Drone  
  90  7:53  Drone x2  
  90  7:54  Drone x2  
  90  7:55  Drone  
  96  8:10  Zerg Ground Armor Level 2  
  96  8:11  Lurker Den  
  96  8:26  Hydralisk x6  
  96  8:27  Hydralisk x7  
  104  8:28  Hydralisk  
  124  8:54  Hydralisk  
  124  8:55  Hydralisk x5  
  130  8:58  Zergling x2  
  137  9:14  Hatchery  
  136  9:23  Zergling x2  
  138  9:24  Zergling x2  
  138  9:28  Overlord x4  
  138  9:29  Overlord x3  
  93  9:39  Hydralisk  
  93  9:40  Hydralisk x7  
  93  9:41  Hydralisk x3  
  109  10:00  Overlord x4  
  109  10:02  Adrenal Glands  
  109  10:03  Zerg Melee Weapons Level 3  
  109  10:07  Zergling x6  
  112  10:25  Queen  
  114  10:41  Drone x4  
  118  10:51  Zerg Ground Armor Level 3  
  118  10:54  Ultralisk Cavern  
  118  10:56  Lurker x3  
  123  10:57  Lurker x4  
  123  10:58  Zergling x2  
  123  10:59  Zergling x14  
  123  11:00  Zergling x10  
  137  11:09  Extractor x2  
  135  11:13  Hydralisk x5  
  145  11:38  Hydralisk  
  145  11:39  Hydralisk x6  
  155  11:40  Hydralisk, Zergling x4  
  155  11:41  Zergling x2  
  164  11:58  Roach x5  
  168  12:05  Ultralisk  
  159  12:10  Ultralisk  
  159  12:13  Zergling x8  
  159  12:14  Zergling x2  
  170  12:44  Lurker  
  170  12:45  Lurker x5  
  170  12:47  Zergling x8  
  170  12:48  Zergling x14  
  170  12:49  Zergling x4  
  170  12:51  Hatchery  
  188  13:11  Zergling x2  
  188  13:12  Zergling x14  
  196  13:13  Zergling x8  
  200  13:20  Zerg Missile Weapons Level 1, Chitinous Plating  
  200  13:24  Overseer  
  178  13:54  Drone x2  
  155  13:56  Drone  
  155  13:58  Drone x2  
  155  13:59  Drone  
  155  14:07  Ultralisk x3  
  155  14:08  Ultralisk x3  
  183  14:19  Drone x2  
  183  14:20  Drone x4  
  189  14:35  Queen  
  189  14:36  Queen  
  193  15:37  Glial Reconstitution  
  193  15:43  Zergling x4  
  193  15:44  Zergling x8  
  199  15:57  Zerg Missile Weapons Level 2  
  194  16:23  Ultralisk x2  
  194  16:24  Zergling x8  
  194  16:25  Zergling x12  
  189  16:37  Hydralisk x3  
  189  16:38  Hydralisk x5  
  189  16:39  Hydralisk  
  199  16:40  Zergling x4  
  191  16:53  Hydralisk x5  
  185  17:05  Hydralisk x2  
  185  17:06  Hydralisk x5  
  148  17:16  Ultralisk  
  148  17:18  Ultralisk  
  148  17:19  Ultralisk  
  145  17:25  Hydralisk  
  131  17:40  Ultralisk x3  
  149  18:02  Queen  
  151  18:18  Hatchery  
  143  18:38  Drone  
  143  18:39  Drone x7  
  143  18:40  Drone  
  152  18:45  Infestor  
  150  19:39  Drone  
  151  19:49  Extractor  
  151  19:50  Extractor  
  149  19:52  Hatchery  
  149  19:56  Queen  
  146  20:29  Drone  
  146  20:30  Drone x2  
  146  20:31  Drone  
  146  20:32  Drone x2, Extractor  
  151  20:36  Extractor  
  150  21:00  Hydralisk x2  
  150  21:01  Hydralisk x4  
  162  21:30  Hydralisk x4  
  162  21:31  Hydralisk x3  
  176  21:59  Hatchery  
  175  22:12  Extractor  
  175  22:13  Queen, Extractor  
  175  22:19  Hydralisk x4  
  175  22:20  Hydralisk x2  
  187  22:30  Hydralisk x2  
  187  22:31  Hydralisk x3  
  187  22:34  Zergling x2  
  198  23:03  Overlord x5  
  198  23:04  Overlord  
  197  23:17  Queen  
  197  23:19  Zergling x2  
Show
View Real Time Build Order
Export as new Build Order

A.I. 1 (Elite) Zerg 

Build Orders: Pool First 

Get SALT Encoding   

  12  0:00  Drone  
  13  0:12  Overlord  
  13  0:17  Drone  
  14  0:30  Drone x2  
  14  0:34  Drone  
  17  0:48  Spawning Pool  
  17  0:49  Drone  
  17  1:09  Hatchery  
  16  1:13  Drone  
  16  1:16  Extractor  
  16  1:18  Drone  
  16  1:21  Extractor  
  16  1:24  Drone  
  17  1:28  Drone  
  18  1:38  Drone  
  19  1:48  Overlord  
  19  1:55  Queen  
  19  2:01  Zergling x2  
  22  2:10  Drone  
  23  2:21  Queen  
  25  2:29  Drone  
  26  2:34  Drone  
  27  2:39  Drone  
  28  2:44  Drone  
  29  2:57  Roach Warren  
  28  3:00  Drone  
  28  3:04  Drone  
  30  3:06  Zergling x2  
  30  3:10  Zergling x2  
  32  3:16  Overlord  
  32  3:19  Drone  
  33  3:22  Drone  
  34  3:37  Roach  
  34  3:38  Roach x3  
  42  3:46  Lair  
  42  3:51  Overlord  
  42  3:56  Overlord  
  42  3:58  Zergling x2  
  42  4:00  Zergling x2  
  44  4:09  Drone x2, Zergling x2  
  47  4:10  Drone  
  47  4:13  Drone  
  47  4:15  Drone  
  50  4:20  Overlord  
  50  4:25  Roach  
  50  4:28  Roach  
  50  4:31  Roach  
  56  4:34  Roach  
  56  4:38  Overlord  
  58  4:44  Drone  
  59  4:47  Drone x2, Hydralisk Den  
  59  4:52  Roach  
  62  4:54  Roach  
  62  4:58  Overlord  
  64  5:04  Drone  
  64  5:06  Drone  
  66  5:09  Drone  
  66  5:10  Drone  
  66  5:12  Drone  
  69  5:14  Drone  
  69  5:16  Drone, Hydralisk  
  69  5:19  Hydralisk  
  75  5:23  Overlord  
  75  5:25  Drone  
  75  5:27  Drone  
  75  5:28  Drone  
  78  5:30  Drone  
  80  5:35  Drone  
  80  5:36  Infestation Pit  
  80  5:40  Drone  
  80  5:42  Drone  
  81  5:44  Overlord  
  81  5:46  Drone  
  82  5:54  Metabolic Boost  
  82  5:57  Evolution Chamber  
  81  6:07  Evolution Chamber, Hatchery  
  79  6:14  Infestor  
  79  6:15  Drone  
  79  6:16  Drone  
  83  6:19  Infestor  
  83  6:22  Zerg Missile Weapons Level 1  
  83  6:23  Evolution Chamber  
  84  6:29  Extractor  
  84  6:30  Ravager  
  84  6:32  Drone, Zerg Melee Weapons Level 1, Extractor  
  84  6:36  Roach  
  86  6:49  Zerg Ground Armor Level 1  
  86  6:50  Ravager  
  86  6:51  Spine Crawler  
  86  6:52  Drone x2, Overlord  
  86  6:53  Drone x2  
  90  6:54  Drone  
  90  6:55  Drone x2, Roach  
  90  7:00  Hydralisk  
  97  7:04  Hydralisk  
  99  7:11  Overlord  
  99  7:14  Hydralisk  
  101  7:19  Drone x2  
  101  7:20  Drone x4  
  101  7:21  Drone x4  
  111  7:24  Overseer  
  111  7:25  Drone  
  111  7:28  Drone, Extractor  
  111  7:29  Drone  
  113  7:36  Overlord  
  113  7:39  Drone  
  113  7:40  Drone  
  113  7:41  Infestor  
  113  7:42  Drone x2  
  119  7:48  Drone, Roach  
  122  7:54  Overlord, Drone x3  
  122  7:55  Extractor  
  124  7:59  Drone  
  124  8:01  Drone  
  124  8:02  Drone  
  127  8:05  Pathogen Glands  
  127  8:09  Infestor  
  127  8:11  Overseer  
  127  8:12  Overlord, Roach  
  131  8:14  Spine Crawler, Roach  
  131  8:17  Drone x2  
  131  8:18  Hatchery  
  131  8:19  Drone  
  134  8:20  Zerg Missile Weapons Level 2  
  134  8:30  Zerg Melee Weapons Level 2  
  134  8:31  Overlord  
  134  8:38  Queen  
  136  8:50  Overlord  
  136  8:52  Spore Crawler  
  136  8:54  Spore Crawler  
  134  9:00  Spine Crawler  
  133  9:06  Zerg Ground Armor Level 2  
  133  9:13  Queen  
  133  9:15  Hydralisk  
  137  9:22  Zergling x2  
  137  9:23  Zergling x2  
  139  9:25  Overlord, Hydralisk x7  
  139  9:26  Hydralisk x5  
  139  9:31  Drone, Hydralisk  
  147  9:32  Drone x2  
  147  9:33  Overseer  
  147  9:35  Roach  
  147  9:37  Roach  
  134  9:41  Roach  
  134  9:42  Roach, Extractor  
  123  9:46  Drone, Roach x2  
  123  9:47  Drone, Roach  
  123  9:50  Extractor  
  123  9:51  Drone  
  131  9:53  Roach  
  131  9:55  Roach x2  
  137  10:05  Drone, Spine Crawler  
  137  10:06  Spine Crawler  
  137  10:07  Drone  
  137  10:10  Infestor  
  139  10:16  Ravager  
  139  10:17  Ravager, Roach  
  139  10:19  Roach  
  145  10:26  Infestor  
  145  10:27  Overlord, Spine Crawler, Roach  
  145  10:28  Drone, Roach  
  151  10:29  Spore Crawler, Roach, Drone  
  153  10:40  Muscular Augments  
  153  10:44  Spore Crawler  
  153  10:45  Drone  
  153  10:47  Spore Crawler  
  153  10:48  Drone  
  153  10:53  Drone, Spine Crawler  
  153  10:55  Spore Crawler  
  153  10:56  Drone  
  153  11:07  Zergling x2  
  153  11:08  Overlord, Zergling x2  
  153  11:09  Ravager  
  156  11:12  Roach  
  156  11:13  Hatchery  
  156  11:14  Ravager  
  156  11:15  Drone, Pneumatized Carapace, Roach  
  161  11:27  Overseer  
  161  11:32  Spine Crawler  
  161  11:34  Drone  
  161  11:36  Overlord, Zergling x2  
  161  11:37  Roach x3  
  161  11:38  Roach x3  
  161  11:39  Roach  
  176  11:40  Spine Crawler  
  176  11:42  Drone  
  176  11:43  Drone  
  176  11:51  Lurker Den  
  176  11:55  Overlord, Zergling x2  
  176  11:59  Spire, Roach x2  
  176  12:00  Hive, Drone  
  155  12:09  Spine Crawler  
  155  12:11  Drone  
  155  12:15  Hatchery  
  154  12:16  Drone  
  155  12:24  Extractor  
  155  12:26  Drone  
  155  12:40  Zergling x2  
  155  12:42  Zergling x2  
  155  12:43  Zergling x2  
  158  12:45  Zergling x2  
  158  12:49  Spine Crawler  
  158  12:51  Drone  
  159  12:58  Extractor  
  159  12:59  Drone, Zergling x2  
  159  13:00  Zergling x2  
  161  13:05  Extractor  
  161  13:06  Drone  
  161  13:09  Spine Crawler  
  161  13:10  Drone  
  161  13:11  Mutalisk x4, Zerg Missile Weapons Level 3, Spore Crawler  
  161  13:12  Zerg Ground Armor Level 3, Mutalisk, Drone  
  171  13:13  Viper  
  171  13:14  Zerg Melee Weapons Level 3, Spine Crawler  
  171  13:15  Mutalisk  
  171  13:16  Drone  
  171  13:18  Spore Crawler  
  175  13:20  Drone  
  175  13:24  Hydralisk x2  
  175  13:25  Hydralisk  
  182  13:30  Hydralisk  
  182  13:33  Hydralisk  
  186  13:35  Hydralisk  
  186  13:38  Hydralisk  
  186  13:40  Hydralisk  
  192  13:42  Hydralisk  
  192  13:45  Baneling Nest  
  192  13:46  Hydralisk  
  192  13:47  Drone, Hydralisk  
  188  13:48  Hydralisk  
  188  13:51  Hydralisk  
  188  13:53  Hydralisk  
  188  13:54  Hydralisk  
  151  13:56  Roach  
  151  13:57  Roach  
  151  13:58  Roach  
  151  14:01  Roach  
  138  14:04  Infestor  
  138  14:05  Lurker  
  138  14:06  Roach  
  138  14:07  Roach  
  138  14:08  Roach  
  138  14:09  Roach  
  139  14:13  Zergling x4  
  139  14:14  Infestor  
  139  14:15  Roach  
  139  14:16  Roach  
  138  14:17  Hydralisk  
  138  14:19  Hydralisk  
  138  14:20  Overlord  
  138  14:21  Hydralisk  
  138  14:23  Hydralisk  
  144  14:25  Hydralisk  
  144  14:27  Hydralisk  
  144  14:29  Hydralisk  
  144  14:31  Hydralisk  
  150  14:32  Zergling x2, Baneling  
  150  14:34  Zergling x2, Baneling x2  
  150  14:35  Baneling  
  150  14:36  Hydralisk  
  156  14:38  Overlord  
  156  14:40  Mutalisk  
  156  14:44  Mutalisk  
  160  14:48  Mutalisk  
  162  14:57  Overlord  
  162  14:59  Mutalisk  
  162  15:05  Roach  
  162  15:06  Roach x2  
  170  15:07  Roach  
  170  15:08  Roach  
  174  15:15  Overlord, Roach x3  
  174  15:16  Roach  
  182  15:32  Spine Crawler  
  182  15:33  Overlord, Roach, Mutalisk x2  
  182  15:34  Mutalisk, Drone  
  182  15:35  Spine Crawler  
  189  15:37  Drone  
  190  15:46  Spine Crawler  
  190  15:47  Drone  
  190  15:50  Spine Crawler  
  190  15:51  Mutalisk x3, Overlord  
  190  15:52  Mutalisk, Drone  
  198  16:09  Mutalisk  
  200  16:14  Spore Crawler  
  200  16:15  Drone  
  200  16:16  Mutalisk  
  199  16:19  Drone  
  199  16:20  Mutalisk  
  199  16:21  Drone x2  
  199  16:23  Drone x2  
  199  16:24  Drone x3  
  199  16:25  Drone  
  199  16:26  Drone  
  199  16:27  Drone  
  199  16:30  Drone x2  
  199  16:31  Drone x3  
  199  16:32  Drone, Spine Crawler  
  196  16:34  Drone  
  196  16:35  Drone  
  196  16:38  Drone  
  196  16:40  Drone  
  196  16:42  Drone  
  196  16:43  Hatchery  
  196  16:44  Drone  
  198  16:56  Mutalisk, Extractor  
  198  17:00  Mutalisk  
  199  17:02  Infestor  
  199  17:03  Infestor  
  199  17:04  Mutalisk  
  199  17:07  Zergling x4  
  191  17:09  Overlord  
  191  17:15  Overlord  
  159  17:18  Overlord  
  134  17:25  Drone, Roach  
  134  17:26  Zergling x2, Baneling x4  
  134  17:27  Zergling x2  
  134  17:29  Roach  
  109  17:32  Roach  
  109  17:36  Roach  
  101  17:38  Hydralisk  
  101  17:42  Hydralisk  
  105  17:46  Hydralisk  
  105  17:50  Hydralisk  
  109  17:53  Roach  
  109  17:56  Roach  
  113  17:59  Roach  
  113  18:02  Roach  
  114  18:13  Drone x3  
  114  18:16  Drone, Zergling x4  
  114  18:19  Drone x3  
  100  18:22  Hydralisk  
  72  18:38  Zergling x2  
  72  18:39  Roach, Zergling x2  
  69  18:52  Roach  
  62  19:10  Zergling x2  
  62  19:14  Roach  
  62  19:15  Hatchery, Hydralisk  
  62  19:16  Roach  
  58  19:26  Zergling x2  
  58  19:30  Roach  
  58  19:33  Zergling x2  
  47  19:58  Overlord  
  47  20:02  Hatchery  
  46  20:10  Overlord x2  
  43  20:17  Spawning Pool  
  39  20:29  Overlord  
  39  21:04  Overlord  
  39  21:07  Lair  
  39  21:14  Queen  
  39  21:15  Overlord  
  41  21:27  Spawning Pool  
  38  21:33  Drone  
  38  21:46  Overlord  
  33  22:02  Drone  
  33  22:05  Drone  
  33  22:06  Drone  
  36  22:09  Drone  
  36  22:13  Overlord  
  36  22:18  Hydralisk Den  
  36  22:21  Zergling x2  
  20  22:35  Hatchery  
  19  22:56  Zergling x2  
  20  22:59  Drone  
  20  23:00  Drone  
  20  23:02  Hatchery  
  20  23:04  Roach Warren  
  20  23:07  Drone  
  20  23:17  Drone  
Tags
 
Composition
Lurkers
Matchup
ZvZ
Race
Zerg
Replay Pack
First Pack
Add a new tag
Caveats
  • Supply blocks, unpowered buildings, or Contaminate may cause inaccurate times.
  • Supply counts are checked every 10 seconds.